 Dungeon Crawl Stone Soup version 0.23-a0-275-g0cf4261 (console) character file.

146750 En the Warrior (level 17, -2/187 HPs)
             Began as an Ogre Transmuter on Oct 2, 2018.
             Was an Initiate of Gozag.
             Slain by a redback (5 damage)
             ... on level 2 of the Lair of Beasts on Oct 3, 2018.
             The game lasted 02:32:20 (44399 turns).

En the Warrior (Ogre Transmuter)                   Turns: 44399, Time: 02:32:23

Health: -2/187     AC:  8    Str: 18    XL:     17   Next: 15%
Magic:  23/32      EV: 14    Int: 19    God:    Gozag
Gold:   365        SH:  3    Dex: 11    Spells: 12/38 levels left

rFire    . . .     SeeInvis +   b - staff of energy
rCold    . . .     Gourm    .   (no shield)
rNeg     . . .     Faith    .   h - +2 robe of Vines {NoPotionHeal Regen+7}
rPois    +         Spirit   .   (helmet restricted)
rElec    .         Reflect  +   C - +2 cloak of the Thief {+Fog Slay-2 SInv Stlth+}
rCorr    .         Harm     .   (gloves unavailable)
MR       ++...                  (boots unavailable)
Stlth    ++........             n - +3 amulet of reflection
HPRegen  3.21/turn              i - ring of poison resistance
MPRegen  0.23/turn              J - ring of Zyudel {MR+ Dex+2 SInv}

@: no status effects
A: large, unfitting armour, tough skin 1
}: 1/15 runes: decaying
a: Potion Petition, Call Merchant, Bribe Branch, Renounce Religion, Evoke Fog


You were on level 2 of the Lair of Beasts.
You worshipped Gozag.
Gozag was aware of your devotion.
You were not hungry.

You visited 6 branches of the dungeon, and saw 29 of its levels.
You visited 1 bazaar.

You collected 9544 gold pieces.
You spent 3946 gold pieces at shops.
You paid 5233 gold pieces to Gozag.

Inventory:

Hand Weapons
 d - the +1 quarterstaff of Eternal Vigilance {crush, rElec Int-3 Dex+2}
   (You found it on level 6 of the Lair of Beasts)

   It inflicts extra damage upon your enemies.
   It affects your intelligence (-3).
   It affects your dexterity (+2).
   It insulates you from electricity.
Missiles
 a - 22 large rocks (quivered) {=g}
 c - 502 arrows {=g}
 l - 10 javelins
Armour
 h - the +2 robe of Vines (worn) {NoPotionHeal Regen+7}
   (You bought it in a shop on level 1 of the Lair of Beasts)

   It increases your rate of regeneration.
 y - a +1 robe of fire resistance
 C - the +2 cloak of the Thief (worn) {+Fog Slay-2 SInv Stlth+}
   (You bought it in a shop in a bazaar)

   It affects your accuracy and damage with ranged weapons and melee attacks
   (-2).
   It lets you see invisible.
   It makes you more stealthy.
Magical Staves
 b - an uncursed staff of energy (weapon)
Jewellery
 f - an uncursed ring of protection from cold
 i - a ring of poison resistance (left hand)
 j - an uncursed ring of positive energy
 n - a +3 amulet of reflection (around neck)
 z - an uncursed ring of positive energy
 J - the ring of Zyudel (right hand) {MR+ Dex+2 SInv}
   (You acquired it on level 1 of the Swamp)

   [ring of dexterity]

   It affects your dexterity (+2).
   It affects your resistance to hostile enchantments.
   It lets you see invisible.
 N - an uncursed ring of resist corrosion
 V - an uncursed amulet of the acrobat
Wands
 g - a wand of disintegration (11)
 H - a wand of flame (62)
 M - a wand of paralysis (20)
 R - a wand of iceblast (20)
 U - a wand of acid (7)
Scrolls
 e - a scroll of summoning
 p - 2 scrolls of blinking
 s - 6 scrolls of fog
 t - 6 scrolls of teleportation
 u - 5 scrolls of magic mapping
 G - 3 scrolls of fear
 K - a scroll of identify
 L - 6 scrolls of remove curse
Potions
 k - 9 potions of curing
 m - 3 potions of cancellation
 o - 3 potions of magic
 q - 2 potions of might
 v - 4 potions of lignification
 w - 3 potions of haste
 B - 2 potions of heal wounds
 E - 6 potions of flight
 I - a potion of brilliance
 P - 2 potions of ambrosia
 S - 2 potions of agility
 W - a potion of invisibility
Comestibles
 D - 4 rations


   Skills:
 - Level 16.1 Fighting
 - Level 9.0 Dodging
 - Level 16.0 Unarmed Combat
 - Level 11.0 Spellcasting
 - Level 4.0 Charms
 - Level 4.0 Necromancy
 * Level 13.1 Transmutations
 - Level 4.0 Ice Magic
 - Level 3.0 Poison Magic


You had 12 spell levels left.
You knew the following spells:

 Your Spells              Type           Power        Failure   Level  Hunger
h - Blade Hands           Tmut           ######....   1%          5    None
r - Regeneration          Chrm/Necr      ####......   3%          3    None
t - Sticks to Snakes      Tmut           ######..     1%          2    None
y - Song of Slaying       Chrm           ####....     1%          2    None
D - Dragon Form           Tmut           ######....   26%         7    None
I - Ice Form              Ice/Tmut       #####...     1%          4    None
P - Spider Form           Tmut/Pois      #####.....   1%          3    None

Your spell library contained the following spells:

 Spells                   Type           Power        Failure   Level  Hunger
 Animate Skeleton         Necr           N/A          1%          1    None
 Beastly Appendage        Tmut           ######       1%          1    None
 Infusion                 Chrm           ####         1%          1    None
 Shroud of Golubria       Chrm/Tloc      ###.......   4%          2    None
 Corona                   Hex            ##.....      7%          1    None
 Alistair's Intoxication  Tmut/Pois      #####...     7%          5    None
 Spectral Weapon          Hex/Chrm       ###.....     9%          3    None
 Slow                     Hex            ##......     10%         2    None
 Conjure Flame            Conj/Fire      ##......     21%         3    None
 Inner Flame              Hex/Fire       ##......     21%         3    None
 Portal Projectile        Hex/Tloc       ##....       21%         3    None
 Cause Fear               Hex            ##........   54%         4    None
 Force Lance              Conj/Tloc      ##......     54%         4    None
 Fulminant Prism          Conj/Hex       ##........   54%         4    None
 Leda's Liquefaction      Hex/Erth       ##........   54%         4    None
 Statue Form              Tmut/Erth      #####....    56%         6    None
 Borgnjor's Vile Clutch   Necr/Erth      ###.......   63%         5    None
 Bolt of Magma            Conj/Fire/Erth ##........   88%         5    None
 Fireball                 Conj/Fire      ##........   88%         5    None
 Iron Shot                Conj/Erth      ##........   100%        6    None
 Shatter                  Erth           ##........   100%        9    None


Dungeon Overview and Level Annotations

Branches:
Dungeon (15/15)            Temple (1/1) D:7            Lair (6/6) D:9
  Swamp (4/4) Lair:3       Spider (1/4) Lair:2        Slime (0/5) Lair:5
    Orc (2/2) D:9             Elf (0/3) Orc:2        Vaults (0/5) D:14
 Depths (0/5) D:15

Altars:
Ashenzari
Cheibriados
Dithmenos
Elyvilon
Fedhas
Gozag
Hepliaklqana
Kikubaaqudgha
Makhleb
Nemelex Xobeh
Okawaru
Qazlal
Ru
Sif Muna
Trog
Uskayaw
Vehumet
Wu Jian
Xom
Yredelemnul
Zin
The Shining One
Beogh

Shops:
Orc:2 [([!   Lair:1 !*:*[

Annotations:
Swamp:1 Mikaeshin's ghost, journeyman GrMo
Spider:1 Frances


Innate Abilities, Weirdness & Mutations

You are too large for most types of armour.
You have tough skin. (AC +1)


Message History

The redback bites you but does no damage.
The redback bites you!
* * * LOW HITPOINT WARNING * * *
The redback bites you!
* * * LOW HITPOINT WARNING * * *
The redback barely misses you.
You climb upwards.
Welcome back to the Lair of Beasts!
* * * LOW HITPOINT WARNING * * *
You feel extremely sick.
There is a hole to the Spider Nest, spattered with blood here.
Okay, then.
Unknown command.
Your system rejects the healing.
You feel better. You block the redback's attack. The redback bites you.
* * * LOW HITPOINT WARNING * * *
The redback bites you!
* * * LOW HITPOINT WARNING * * *
The redback bites you.
You die...
Your body crumbles into a pile of gold.

#..###.#####..#..P....#.#..
#..##.###..#..........#....
#.....................###''
#..........................
#......≈≈≈.≈≈≈.............
#.....≈.≈≈.≈≈.≈............
#.....≈≈.≈.≈.≈≈............
#.....≈≈≈sss≈≈≈..#..P.PP...
#........s@s.....##...##...
##.....≈≈≈ss.≈≈≈........#...
#......≈≈.≈.≈.≈≈.##....##...
##.....≈.≈≈.≈≈.≈.......##...
#P.P....≈≈≈.≈≈≈..##.....#...
##................###.###...
#..#.............#.#####....
##..#.P#.P##................
#..............<...........


You could see a tarantella and 6 redbacks.

Vanquished Creatures
  Saint Roka (Orc:1)
  Nikola (Swamp:1)
  Rupert (D:12)
  2 thorn hunters
  The ghost of Jackthecabe the Fighter, an adept GnWn of Cheibriados (Swamp:4)
  A fire giant (shapeshifter) (D:15)
  An orc warlord (Orc:1)
  A minotaur (Lair:2)
  The ghost of CanOfBees the Spear-Bearer, a journeyman TeCj of Yredelemnul (Lair:6)
  2 ettins (Orc:2)
  Josephine (D:9)
  3 fire dragons (Swamp:4)
  18 hydras
  Harold (D:8)
  3 shambling mangroves
  Erolcha (D:10)
  2 ghost crabs
  5 catoblepae
  A death knight (D:14)
  11 death yaks
  A centaur warrior (D:14)
  7 two-headed ogres
  9 alligators
  An ogre mage (D:14)
  Urug (D:10)
  The ghost of Asaomof the Placeless Vine, a journeyman VSWr of the Shining One (Lair:2)
  2 fire crabs (Swamp:4)
  A glowing orange brain (D:15)
  A glowing orange brain (shapeshifter) (D:15)
  An unseen horror (D:11)
  10 swamp dragons
  A lindwurm (Swamp:4)
  Pikel (D:8)
  An orc knight (D:15)
  2 wolf spiders (Lair:2)
  2 ugly things (D:15)
  3 cyclopes
  5 orc sorcerers
  2 deep elf magi (D:13)
  10 elephants
  4 manticores (Lair:6)
  Joseph (D:8)
  6 black mambas
  2 molten gargoyles (Swamp:4)
  A gargoyle (D:14)
  9 spiny frogs
  2 kobold demonologists
  2 efreet
  A freezing wraith (D:14)
  3 rime drakes
  A tengu conjurer (D:15)
  6 komodo dragons
  2 demonic crawlers (Lair:2)
  8 tyrant leeches
  12 trolls
  2 jumping spiders (Lair:2)
  A harpy skeleton (D:15)
  10 hornets
  15 blink frogs
  7 bog bodies
  A dream sheep (Lair:6)
  4 slime creatures (D:15)
  8 redbacks (Lair:2)
  4 hippogriffs
  A tarantella (Lair:2)
  2 shadows
  4 spriggans
  5 wraiths
  A spriggan (shapeshifter) (D:15)
  4 fire bats (D:14)
  4 wyverns
  17 yaks
  12 vampire mosquitoes
  5 basilisks
  4 steam dragons
  A hungry ghost (D:5)
  6 insubstantial wisps (Swamp:1)
  A warg (Orc:2)
  17 swamp worms
  2 acid dragons
  A soldier ant (D:11)
  A hornet zombie (D:7)
  6 water moccasins
  12 porcupines
  A black bear (shapeshifter) (D:15)
  A black bear (D:7)
  A hell hound (D:14)
  46 orc warriors
  10 swamp drakes
  A phantom (D:9)
  6 ice beasts
  7 ogres
  3 sky beasts
  18 centaurs
  6 wolves
  11 crocodiles
  2 big kobolds
  12 bullfrogs
  A wyvern skeleton (D:11)
  5 killer bees
  6 scorpions
  11 wights
  6 electric eels (D:7)
  6 howler monkeys (D:9)
  6 crimson imps
  2 lava snakes (D:14)
  3 centaur zombies
  4 jellies
  29 orc priests
  6 hounds
  4 centaur skeletons
  A bullfrog skeleton (D:9)
  3 iguanas
  10 worker ants
  Natasha (thrice) (D:3)
  24 orc wizards
  A hound skeleton (D:5)
  2 worker ant zombies (D:7)
  4 gnolls
  A howler monkey skeleton (D:10)
  12 adders
  3 shadow imps
  4 oozes
  An adder zombie (D:6)
  A dart slug (D:5)
  6 leopard geckos
  118 orcs
  12 bats
  12 giant cockroaches
  5 goblins
  5 hobgoblins
  14 jackals
  12 kobolds
  3 quokkas
  A ball python (D:4)
  4 frilled lizards
  A quokka skeleton (D:5)
  12 rats
  A briar patch (Swamp:1)
  A bush (Lair:3)
  3 fire vortices (D:14)
  A fungus (Lair:6)
  A plant (Lair:6)
834 creatures vanquished.

Vanquished Creatures (collateral kills)
  A hydra (Lair:6)
1 creature vanquished.

Vanquished Creatures (others)
  2 hydras
  3 yaks (D:12)
  2 steam dragons (Swamp:4)
  5 swamp drakes (Swamp:4)
  2 slaves
  An adder (D:8)
  4 orcs
  2 bushes
  38 fungi
  36 plants
  6 toadstools (Swamp:1)
101 creatures vanquished.

Grand Total: 936 creatures vanquished

Notes
Turn   | Place    | Note
-------+----------+-------------------------------------------
     0 | D:1      | En the Ogre Transmuter began the quest for the Orb.
     0 | D:1      | Reached XP level 1. HP: 19/19 MP: 3/3
   141 | D:1      | Reached XP level 2. HP: 24/27 MP: 2/5
   151 | D:1      | Learned a level 2 spell: Sticks to Snakes
  1152 | D:2      | Reached XP level 3. HP: 35/35 MP: 6/6
  1160 | D:2      | Learned a level 3 spell: Spider Form
  1392 | D:2      | Found a faded altar of an unknown god.
  2061 | D:3      | Reached skill level 1 in Poison Magic
  2062 | D:3      | Reached XP level 4. HP: 44/44 MP: 7/7
  2083 | D:3      | Found a radiant altar of Vehumet.
  2083 | D:3      | Found a sacrificial altar of Ru.
  2085 | D:3      | Found an ornate altar of the Wu Jian Council.
  2085 | D:3      | Found a glowing golden altar of the Shining One.
  2089 | D:3      | Found an ancient bone altar of Kikubaaqudgha.
  2092 | D:3      | Noticed Natasha
  2101 | D:3      | Killed Natasha
  2305 | D:3      | Found a white marble altar of Elyvilon.
  2410 | D:3      | Found an iron altar of Okawaru.
  2499 | D:3      | Reached XP level 5. HP: 35/50 MP: 8/8
  2745 | D:3      | Found a sparkling altar of Nemelex Xobeh.
  2873 | D:4      | Noticed a sky beast
  2889 | D:4      | Killed a sky beast
  3036 | D:3      | Reached XP level 6. HP: 32/59 MP: 10/10
  3068 | D:3      | Noticed Natasha
  3076 | D:3      | Killed Natasha
  3194 | D:3      | Found a white marble altar of Elyvilon.
  3263 | D:3      | Noticed Natasha
  3268 | D:3      | Killed Natasha
  3289 | D:3      | Found an iron altar of Okawaru.
  3303 | D:3      | Found a sacrificial altar of Ru.
  3306 | D:3      | Found a glowing golden altar of the Shining One.
  3306 | D:3      | Found an ancient bone altar of Kikubaaqudgha.
  3307 | D:3      | Found a radiant altar of Vehumet.
  3308 | D:3      | Found an ornate altar of the Wu Jian Council.
  3362 | D:3      | Found a sparkling altar of Nemelex Xobeh.
  4102 | D:4      | Reached XP level 7. HP: 59/67 MP: 11/11
  4598 | D:5      | Entered Level 5 of the Dungeon
  4603 | D:5      | Found a snail-covered altar of Cheibriados.
  4644 | D:5      | Reached skill level 5 in Unarmed Combat
  4678 | D:5      | Noticed a hungry ghost
  4703 | D:5      | Killed a hungry ghost
  4874 | D:5      | Reached skill level 5 in Fighting
  4874 | D:5      | Reached XP level 8. HP: 78/80 MP: 12/12
  4971 | D:5      | Learned a level 4 spell: Ice Form
  5047 | D:5      | Found a glowing golden altar of the Shining One.
  5117 | D:5      | Found a blossoming altar of Fedhas.
  5279 | D:6      | Found a stormy altar of Qazlal.
  6534 | D:7      | Found a basalt altar of Yredelemnul.
  6760 | D:8      | Noticed Pikel
  6770 | D:8      | Killed Pikel
  6770 | D:8      | Reached XP level 9. HP: 86/96 MP: 13/13
  6836 | D:8      | Found a hide-covered altar of Uskayaw.
  6928 | D:8      | Noticed Harold
  6942 | D:8      | Killed Harold
  6944 | D:8      | Noticed a two-headed ogre
  6948 | D:7      | Found a staircase to the Ecumenical Temple.
  6954 | Temple   | Entered the Ecumenical Temple
  7006 | Temple   | Became a worshipper of Gozag Ym Sagoz the Greedy
  7382 | D:8      | HP: 4/98 [two-headed ogre/giant club (17)]
  7387 | D:8      | Killed a two-headed ogre
  7387 | D:8      | Reached skill level 5 in Spellcasting
  7387 | D:8      | Reached XP level 10. HP: 3/107 MP: 18/18
  7387 | D:8      | HP: 1/107 [crimson imp (3)]
  7706 | D:8      | Noticed Joseph
  7927 | D:8      | Killed Joseph
  8279 | D:9      | Found a staircase to the Orcish Mines.
  8902 | D:9      | Found a staircase to the Lair.
  9014 | D:9      | Reached skill level 10 in Unarmed Combat
 10093 | D:9      | Reached XP level 11. HP: 92/117 MP: 24/24
 10495 | Lair:1   | Entered Level 1 of the Lair of Beasts
 10567 | Orc:1    | Entered Level 1 of the Orcish Mines
 10732 | Orc:2    | Entered Level 2 of the Orcish Mines
 10747 | Orc:1    | Reached skill level 10 in Fighting
 11019 | Orc:2    | Noticed an ettin
 11035 | Orc:2    | Killed an ettin
 11045 | Orc:2    | Noticed an orc sorcerer
 11046 | Orc:2    | Noticed an orc warlord
 11058 | Orc:1    | Killed an orc sorcerer
 11132 | D:10     | Entered Level 10 of the Dungeon
 11132 | D:10     | Noticed Josephine
 11778 | D:10     | Noticed a two-headed ogre
 11787 | D:9      | Killed a two-headed ogre
 11874 | D:10     | Noticed a two-headed ogre
 11880 | D:10     | Noticed a two-headed ogre
 11911 | D:9      | Killed a two-headed ogre
 12136 | D:10     | Noticed Urug
 12162 | D:10     | Killed Urug
 12552 | D:9      | Killed Josephine
 12871 | D:9      | Killed a two-headed ogre
 12871 | D:9      | Reached XP level 12. HP: 92/130 MP: 25/25
 13013 | D:10     | Noticed Erolcha
 13101 | D:10     | Killed Erolcha
 14617 | D:11     | Noticed an eight-headed hydra
 16129 | D:12     | Found a flickering gateway to a bazaar.
 16134 | D:12     | Noticed a four-headed hydra
 16140 | D:12     | Killed a four-headed hydra
 16148 | Bazaar   | Entered a bazaar
 16165 | Bazaar   | Found Oshem's Antique Weapon Emporium.
 16176 | Bazaar   | Found Equsyz's Antique Weapon Shoppe.
 16192 | Bazaar   | Found Dokiu's Antique Armour Emporium.
 16203 | Bazaar   | Found Muki's Antique Armour Shoppe.
 16226 | Bazaar   | Bought the +2 cloak of the Thief {+Fog Slay-2 SInv Stlth+}
                  | for 542 gold pieces
 16226 | Bazaar   | Found the +2 cloak of the Thief {+Fog Slay-2 SInv Stlth+}
 16241 | Bazaar   | Bought an embroidered cloak for 165 gold pieces
 16261 | Bazaar   | Bought a runed cloak for 202 gold pieces
 16419 | D:12     | Noticed Rupert
 16439 | D:12     | Killed Rupert
 16439 | D:12     | Reached skill level 5 in Dodging
 18439 | Lair:1   | Identified the Collected Works on Flamy Evil
 18910 | Lair:1   | Reached XP level 13. HP: 101/144 MP: 24/26
 19363 | Lair:2   | Found a shattered altar of Ashenzari.
 19536 | Lair:2   | Found a runed gate.
 19537 | Lair:2   | Found a runed gate.
 19538 | Lair:2   | Found a runed gate.
 19972 | Lair:2   | Found a hole to the Spider Nest.
 20000 | Lair:2   | Noticed a minotaur
 20536 | Lair:2   | Noticed Asaomof's ghost (journeyman VSWr)
 21123 | Orc:1    | Killed an orc warlord
 21512 | Orc:2    | Noticed an ettin
 21641 | Orc:2    | Killed an ettin
 21908 | Orc:2    | Found a roughly hewn altar of Beogh.
 21908 | Orc:2    | Found Giyfa's Armour Boutique.
 22326 | Orc:2    | Found a staircase to the Elven Halls.
 23008 | Orc:2    | Noticed Saint Roka
 23619 | Orc:2    | Paralysed by an orc sorcerer for 2 turns
 24039 | Orc:1    | Killed Saint Roka
 24436 | Orc:2    | Found a roughly hewn altar of Beogh.
 24587 | Orc:2    | Found Dengonuw's Antique Armour Shoppe.
 24588 | Orc:2    | Found a roughly hewn altar of Beogh.
 24589 | Orc:2    | Found Xeubu's Antique Weapon Emporium.
 24701 | Orc:2    | Found a roughly hewn altar of Beogh.
 24725 | Orc:2    | Found a roughly hewn altar of Beogh.
 24726 | Orc:2    | Found Benaerch's Distillery.
 24852 | Orc:2    | Found a roughly hewn altar of Beogh.
 24878 | Orc:2    | Found a roughly hewn altar of Beogh.
 25386 | Orc:2    | Reached XP level 14. HP: 134/157 MP: 24/27
 25825 | Orc:1    | Found a roughly hewn altar of Beogh.
 26119 | Lair:1   | Bought a sedimented grey potion for 21 gold pieces
 26119 | Lair:1   | Bought a scroll of identify for 48 gold pieces
 26119 | Lair:1   | Bought a scroll of identify for 48 gold pieces
 26371 | Lair:3   | Got a polished trident
 26490 | Lair:3   | Found a staircase to the Swamp.
 27280 | Lair:4   | Got a slimy ring mail
 27312 | Lair:3   | Reached skill level 15 in Unarmed Combat
 27470 | Lair:4   | Learned a level 3 spell: Regeneration
 27473 | Lair:4   | Learned a level 2 spell: Song of Slaying
 28520 | Lair:4   | Reached skill level 1 in Necromancy
 28753 | Lair:4   | Reached skill level 1 in Charms
 29238 | Lair:5   | Found a staircase to the Slime Pits.
 29298 | Lair:5   | Reached skill level 1 in Ice Magic
 30177 | Lair:6   | Entered Level 6 of the Lair of Beasts
 30231 | Lair:6   | Reached skill level 10 in Spellcasting
 30555 | Lair:6   | Found a transporter.
 30558 | Lair:6   | Noticed CanOfBees's ghost (journeyman TeCj)
 31721 | Lair:6   | Reached skill level 15 in Fighting
 32290 | Lair:6   | Found a transporter.
 32880 | Lair:6   | Reached skill level 5 in Transmutations
 32880 | Lair:6   | Reached XP level 15. HP: 129/167 MP: 20/29
 33205 | Lair:6   | Got a steaming quarterstaff
 33668 | Lair:6   | Killed CanOfBees's ghost
 33924 | Lair:1   | Identified the +1 quarterstaff of Eternal Vigilance {crush,
                  | rElec Int-3 Dex+2} (You found it on level 6 of the Lair of
                  | Beasts)
 33925 | Lair:1   | Identified the +10 trident "Ymaruz" {elec, rN+ Int-2 SInv}
                  | (You found it on level 3 of the Lair of Beasts)
 35452 | D:14     | Found a blossoming altar of Fedhas.
 35487 | D:14     | Found a gate to the Vaults.
 35535 | D:14     | Got a scorched spear
 36114 | Lair:1   | Identified the cursed +0 spear of Ash {pierce, MR+ Int-5
                  | Dex+4} (You found it on level 14 of the Dungeon)
 36137 | Lair:1   | Learned a level 5 spell: Blade Hands
 36139 | Lair:1   | Bought a small emerald ring for 180 gold pieces
 36139 | Lair:1   | Bought a large bone ring for 180 gold pieces
 36295 | D:15     | Entered Level 15 of the Dungeon
 37528 | D:15     | Found a staircase to the Depths.
 37564 | D:15     | Noticed a quicksilver dragon
 37566 | D:15     | a quicksilver dragon changed into an alligator snapping
                  | turtle
 37568 | D:15     | Noticed a fire giant
 37568 | D:15     | an alligator snapping turtle changed into a fire giant
 37575 | D:15     | Killed a fire giant
 37824 | Swamp:1  | Entered Level 1 of the Swamp
 38055 | Swamp:1  | Noticed Nikola
 38072 | Swamp:1  | Killed Nikola
 38072 | Swamp:1  | Reached XP level 16. HP: 144/179 MP: 28/31
 38094 | Swamp:1  | Noticed a thorn hunter
 38116 | Swamp:1  | Killed a thorn hunter
 38135 | Swamp:1  | HP: 8/214 [alligator (10)]
 38143 | Swamp:1  | HP: 6/214 [insubstantial wisp (11)]
 38772 | Swamp:1  | Identified a scroll of acquirement
 38774 | Swamp:1  | Got a sparkling marble ring
 38776 | Swamp:1  | Identified the ring of Zyudel {MR+ Dex+2 SInv} (You
                  | acquired it on level 1 of the Swamp)
 39619 | Swamp:2  | Noticed a thorn hunter
 39630 | Swamp:2  | Killed a thorn hunter
 39630 | Swamp:2  | Reached skill level 10 in Transmutations
 39985 | Swamp:3  | Found a runed gate.
 39988 | Swamp:3  | Found a runed gate.
 39999 | Swamp:3  | Found a runed gate.
 40000 | Swamp:3  | Noticed Mikaeshin's ghost (journeyman GrMo)
 41240 | Swamp:4  | Entered Level 4 of the Swamp
 42682 | Swamp:4  | Found a runed door.
 42684 | Swamp:4  | Noticed Jackthecabe's ghost (adept GnWn)
 42718 | Swamp:4  | Killed Jackthecabe's ghost
 42718 | Swamp:4  | Reached XP level 17. HP: 83/187 MP: 26/32
 43104 | Swamp:4  | Got a brightly glowing halberd
 43163 | Swamp:4  | Got a decaying rune of Zot
 43382 | Lair:1   | Identified the +4 halberd of the Onslaught {freeze, Fragile
                  | +Inv rF- Dex+8} (You found it on level 4 of the Swamp)
 43392 | Lair:1   | Bought the Papyrus of Transmigration and Arcane Weapons for
                  | 1040 gold pieces
 43400 | Lair:1   | Learned a level 7 spell: Dragon Form
 43403 | Lair:1   | Bought the +2 robe of Vines {NoPotionHeal Regen+7} for 1520
                  | gold pieces
 43403 | Lair:1   | Found the +2 robe of Vines {NoPotionHeal Regen+7}
 43476 | Spider:1 | Entered Level 1 of the Spider Nest
 43476 | Spider:1 | Noticed Frances
 43903 | Lair:2   | Found a shattered altar of Ashenzari.
 44175 | Lair:2   | Found a hole to the Spider Nest.
 44190 | Lair:2   | Killed Asaomof's ghost
 44399 | Lair:2   | HP: 3/187 [redback (9)]
 44399 | Lair:2   | Slain by a redback

Vault maps used:
D:1:      dpeg_arrival_yet_another_circle, minmay_unequal
D:2:      chequers_ecumenical_altar_simple_redux, minmay_misc_feat_diagonals
D:3:      okawaru_trees_1, grunt_temple_overflow_open, elyvilon_altar_1,
          first_ration, nemelex_dance_club_becter, uniq_natasha
D:5:      kennysheep_slug_shrine, kennysheep_mini, columned_hall_lemuel,
          tso_altar
D:6:      grunt_qazlal_sundering
D:7:      lemuel_round_altar, minmay_temple_entry_overgrown, chequers_big_river
D:8:      lemuel_doored_altar, uniq_pikel, uniq_harold, uniq_joseph
D:9:      due_lair_maze_entry_diamond, david_orc_2
D:10:     uniq_josephine, uniq_erolcha, uniq_urug
D:11:     blue_anna_alchemist
D:12:     serial_shops, freezing_bzr, kennysheep_generic_room_15, uniq_rupert
D:13:     billiards_dpeg
D:14:     david_vaults_2, fedhas_altar_3, hangedman_incinerator
D:15:     gammafunk_enter_depths_forms, grunt_decor_one_mirror
Temple:   eino_wide_crystal_templ
Lair:1:   serial_bayou_shore_b
Lair:2:   spider_nest_entry_a, maelrawn_ghost_labyrinth_escape, basic_altar,
          nicolae_quartered_pool_medium
Lair:3:   minmay_swamp_entry_worms, minmay_hedge_maze
Lair:4:   lemuel_old_faithful
Lair:5:   nicolae_slime_entry_slimehenge, serial_bayou_shore_a,
          lemuel_fruit_tree, infiniplex_staircase_pool
Lair:6:   evilmike_catoblepas_cave, gammafunk_ghost_arena,
          grunt_forest_large_clearing_hut
Swamp:1:  cheibrodos_swamp_tower_of_moss, evilmike_swamp_ruin_rubble_1,
          uniq_nikola
Swamp:2:  evilmike_swamp_ruin_house_2
Swamp:3:  ebering_ghost_rock_garden, nicolae_swamp_dense_foliage
Swamp:4:  swamp_fiery, ebering_ghost_inner_flame
Spider:1: uniq_frances, uniq_louise
Orc:1:    minmay_orc_temple_b
Orc:2:    grunt_orc_community_town_hall, grunt_orc_community_big_house_1,
          grunt_orc_community_big_house_1, grunt_orc_community_house_1,
          grunt_orc_community_house_1, grunt_orc_community_house_2,
          grunt_orc_community_house_1, grunt_orc_community_house_3,
          grunt_orc_community_house_2
Bazaar:   bazaar_minmay_armour_weapon

Skill      XL: |  1  2  3  4  5  6  7  8  9 10 11 12 13 14 15 16 17 |
---------------+----------------------------------------------------+-----
Unarmed Combat | 3 4 5 8 9 10 12 13 14 15 16 | 16.0
Dodging        | 2 3 5 7 8 9 |  9.0
Transmutations | 2 3 4 5 7 12 13 | 13.1
Fighting       | 2 3 5 7 9 11 13 14 15 16 | 16.1
Poison Magic   | 1 2 3 |  3.0
Spellcasting   | 3 5 9 10 11 | 11.0
Necromancy     | 2 4 |  4.0
Charms         | 2 4 |  4.0
Ice Magic      | 2 4 |  4.0

Action                   |  1- 3 |  4- 6 |  7- 9 | 10-12 | 13-15 | 16-18 || total
-------------------------+-------+-------+-------+-------+-------+-------++-------
Melee: Unarmed           |   146 |   138 |   244 |   589 |  1371 |   411 ||  2899
       Kick              |     6 |       |       |       |       |       ||     6
       Headbutt          |     3 |       |       |       |       |       ||     3
       Punch             |       |       |       |     1 |     1 |     5 ||     7
       Staff             |       |       |       |       |     1 |     1 ||     2
       Quarterstaff      |       |       |       |       |     1 |       ||     1
 Cast: Beastly Appendage |    22 |       |       |       |       |       ||    22
       Spider Form       |     2 |    24 |    32 |    74 |   148 |       ||   280
       Sticks to Snakes  |       |       |     1 |    11 |     4 |       ||    16
       Ice Form          |       |       |       |       |     5 |    36 ||    41
       Regeneration      |       |       |       |       |    66 |   110 ||   176
       Song of Slaying   |       |       |       |       |     4 |       ||     4
       Blade Hands       |       |       |       |       |       |    12 ||    12
Invok: Call Merchant     |       |       |       |       |     4 |     1 ||     5
       Potion Petition   |       |       |       |       |       |     3 ||     3
 Abil: End Transformatio |       |       |       |       |     3 |    14 ||    17
Evoke: Wand              |       |       |       |     2 |    11 |       ||    13
  Use: Scroll            |       |       |    10 |     8 |    16 |     9 ||    43
       Potion            |       |       |       |     6 |     3 |     5 ||    14
 Stab: Sleeping          |       |       |     2 |       |     1 |       ||     3
       Paralysed         |       |       |       |     7 |       |       ||     7
       Distracted        |       |       |       |     1 |     8 |       ||     9
  Eat: Chunk             |     4 |    10 |    16 |       |       |       ||    30
       Ration            |       |       |       |    11 |    19 |     8 ||    38
Armor: Robe              |    62 |     2 |     4 |     8 |    11 |    39 ||   126
       Skin              |     1 |     9 |     9 |    21 |    30 |    60 ||   130
Dodge: Dodged            |   129 |   112 |   167 |   523 |  1308 |   366 ||  2605
Block: Other             |       |       |       |       |       |    13 ||    13

Table legend:
 A = Non-vault XP
 B = Vault XP
 C = Vault XP percentage of total XP
 D = Non-vault monster count
 E = Vault monster count
 F = Vault count percentage of total count
                 A         B        C        D         E       F
            +---------+---------+-------+---------+---------+-------
      Total |  112716 |   78356 |  41.0 |     604 |     224 |  27.1
            +---------+---------+-------+---------+---------+-------
        D:1 |      30 |       2 |   6.2 |      20 |       1 |   4.8
        D:2 |      42 |       3 |   6.7 |      21 |       1 |   4.5
        D:3 |     152 |      45 |  22.8 |      28 |       3 |   9.7
        D:4 |     531 |       0 |   0.0 |      24 |       0 |   0.0
        D:5 |     495 |       4 |   0.8 |      14 |       1 |   6.7
        D:6 |     262 |       0 |   0.0 |      10 |       0 |   0.0
        D:7 |    1221 |       0 |   0.0 |      25 |       0 |   0.0
        D:8 |    1319 |    2096 |  61.4 |      10 |       3 |  23.1
        D:9 |    5566 |    3432 |  38.1 |      47 |      21 |  30.9
       D:10 |     677 |    1827 |  73.0 |       7 |       2 |  22.2
       D:11 |    5817 |     306 |   5.0 |      44 |       2 |   4.3
       D:12 |    1873 |    3173 |  62.9 |      13 |       2 |  13.3
       D:13 |    3088 |    1139 |  26.9 |      10 |       3 |  23.1
       D:14 |    6041 |    3725 |  38.1 |      35 |      10 |  22.2
       D:15 |    7602 |    5497 |  42.0 |      30 |      10 |  25.0
     Lair:1 |    2922 |       0 |   0.0 |      12 |       0 |   0.0
     Lair:2 |    7822 |    3915 |  33.4 |      30 |       6 |  16.7
     Lair:3 |    2105 |     317 |  13.1 |       6 |       2 |  25.0
     Lair:4 |    6723 |       0 |   0.0 |      15 |       0 |   0.0
     Lair:5 |    7379 |     669 |   8.3 |      21 |       6 |  22.2
     Lair:6 |    7246 |   17628 |  70.9 |      21 |      31 |  59.6
    Swamp:1 |   10425 |    5656 |  35.2 |      28 |       2 |   6.7
    Swamp:2 |   11160 |       0 |   0.0 |      18 |       0 |   0.0
    Swamp:3 |    8417 |    2432 |  22.4 |      24 |       4 |  14.3
    Swamp:4 |    4418 |   15178 |  77.5 |       9 |      21 |  70.0
      Orc:1 |    4065 |    7201 |  63.9 |      32 |      28 |  46.7
      Orc:2 |    5318 |    4111 |  43.6 |      50 |      65 |  56.5
            +---------+---------+-------+---------+---------+-------
